 Dungeon Crawl Stone Soup version 0.16-a0-3134-g9b1347a (webtiles) character file.

58 PolkaDot the Caller (level 3, 0/29 HPs)
             Began as a Vampire Summoner on Dec 14, 2014.
             Succumbed to poison (a potion of poison)
             ... on level 2 of the Dungeon.
             The game lasted 00:03:47 (1794 turns).

PolkaDot the Caller (Vampire Summoner)              Turns: 1794, Time: 00:03:47

Health: 0/29       AC:  6    Str:  7    XL:     3   Next: 75%
Magic:  6/6        EV: 12    Int: 18    God:
Gold:   47         SH:  0    Dex: 14    Spells: 3 memorised, 0 levels left

rFire  . . .     SeeInvis +     a - +0 spear
rCold  . . .     Clarity  .     e - +0 leather armour
rNeg   . . .     SustAb   .     (no shield)
rPois  .         Gourm    .     (no helmet)
rElec  .         Spirit   .     (no cloak)
rCorr  +         Warding  .     f - +2 pair of gloves
rMut   .         Stasis   .     (no boots)
MR     .....                    g - amulet of resist corrosion
Stlth  ++........               (no ring)
                                (no ring)

@: lethally poisoned, regenerating quickly, not resistant to hostile
enchantments, unstealthy
A: bottle blood, fangs 3, see invisible, unbreathing
a: no special abilities


You were on level 2 of the Dungeon.
You were full.

You visited 1 branch of the dungeon, and saw 2 of its levels.

You collected 47 gold pieces.

Inventory:

Hand weapons
 a - a +0 spear (weapon)
Armour
 e - a +0 leather armour (worn)
 f - a +2 pair of gloves (worn)
Jewellery
 g - an amulet of resist corrosion (around neck)
Scrolls
 d - 3 scrolls of identify {unknown}
 h - a scroll of remove curse {unknown}
 l - a scroll of teleportation {unknown}
Potions
 i - a potion of agility {unknown}
 j - a potion of lignification {unknown}
 k - a potion of poison {!q}
Books
 b - a book of Callings

   Spells                             Type                      Level
   a - Summon Small Mammal            Summoning                    1
   b - Call Imp                       Summoning                    2
   c - Call Canine Familiar           Summoning                    3
   d - Summon Guardian Golem          Hexes/Summoning              4
   e - Summon Lightning Spire         Summoning/Air                4
   f - Summon Ice Beast               Ice/Summoning                4


   Skills:
 * Level 3.1 Fighting
 - Level 2.1 Dodging
 - Level 3.0 Stealth
 - Level 2.0 Spellcasting
 - Level 4.0 Summonings


You couldn't memorise any spells.
You knew the following spells:

 Your Spells              Type           Power        Failure   Level  Hunger
d - Call Canine Familiar  Summ           ###.....     12%         3    ###....
s - Call Imp              Summ           ###.....     6%          2    ###....
z - Summon Small Mammal   Summ           ###.         3%          1    #......


Dungeon Overview and Level Annotations

Branches:
Dungeon (2/15)

Altars:


Innate Abilities, Weirdness & Mutations

Your natural rate of healing is unusually fast.
You can bottle blood from corpses.
You have razor-sharp teeth.
You have supernaturally acute eyesight.
You can survive without breathing.


Message History

The worm is almost dead.
The worm bites you!
* * * LOW HITPOINT WARNING * * *
The hobgoblin barely misses you.
You barely miss the worm.
The worm is almost dead.
The hobgoblin barely misses you. The worm bites you!
* * * LOW HITPOINT WARNING * * *
You hit the worm.
You kill the worm!
The hobgoblin hits you but does no damage.
Drink which item? (? for menu, Esc to quit)
It was a potion of poison.
That liquid tasted very nasty...
You are lethally poisoned!
* * * LOW HITPOINT WARNING * * *
You feel sick.
Drink which item? (? for menu, Esc to quit)
It was a potion of cure mutation.
It has a very clean taste.
You die...

..#..#####.# #..
........##.#.# #.#
.............# #(#
..#..##.##.### #.#
...........# #.#
.###)......######.#
.# #.........!....##
.# #.......### #g..#
.###.......#####@#.#
...#.......##......#
.#)#.......##.##.###
.#.#.......##.##.#
...#######.......#
#..# ####.####
...######## #.#
...>#.....# #.#
#.......#.# #.#


You could see a hobgoblin.

Vanquished Creatures
  An adder (D:1)
  A worm (D:2)
  A giant gecko (D:2)
  A ball python (D:1)
  6 bats
  A giant cockroach (D:1)
  4 goblins
  A hobgoblin (D:1)
  6 giant newts
  6 kobolds
  3 rats
31 creatures vanquished.

Vanquished Creatures (collateral kills)
  2 adders (D:2)
  A quokka (D:2)
  A kobold (D:1)
4 creatures vanquished.

Grand Total: 35 creatures vanquished

Notes
Turn   | Place    | Note
--------------------------------------------------------------
     0 | D:1      | PolkaDot, the Vampire Summoner, began the quest for the Orb.
     0 | D:1      | Reached XP level 1. HP: 13/13 MP: 3/3
   276 | D:1      | Reached skill level 1 in Fighting
   503 | D:1      | Reached XP level 2. HP: 16/21 MP: 4/4
  1072 | D:1      | Learned a level 2 spell: Call Imp
  1219 | D:2      | Reached XP level 3. HP: 28/28 MP: 0/6
  1520 | D:2      | Learned a level 3 spell: Call Canine Familiar
  1790 | D:2      | HP: 1/29 [worm (11)]
  1794 | D:2      | Succumbed to poison (a potion of poison)

Action                   || total
-------------------------++-------
Melee: Unarmed           ||    15
       Whip              ||    15
       Dagger            ||    77
       Spear             ||    74
 Cast: Summon Small Mamm ||     7
       Call Imp          ||     4
  Use: Potion            ||     4
 Stab: Sleeping          ||     4
       Distracted        ||     1
  Eat: Corpse            ||     7
